 Dungeon Crawl Stone Soup version 0.29-a0-923-g6e406bff71 (webtiles) character file.

Game seed: 15306128911641885066

2830 Pooter the Cleaver (level 9, 0/80 HPs)
             Began as a Minotaur Berserker on July 28, 2022.
             Was a Believer of Trog.
             Slain by an acid dragon (11 damage)
             ... on level 6 of the Dungeon.
             The game lasted 00:35:45 (7588 turns).

Pooter the Cleaver (Minotaur Berserker)             Turns: 7588, Time: 00:35:45

Health: 0/80       AC:  5    Str: 28    XL:     9   Next: 45%
Magic:  8/8        EV: 10    Int:  6    God:    Trog [**....]
Gold:   266        SH: 14    Dex: 14    Spells: 8/8 levels left

rFire   . . .      SeeInvis +   a - +10 flail of Gotuaj {flame, Str+3 Int+2 Dex+3 Stlth+}
rCold   . . .      Faith    .   E - +0 kite shield
rNeg    . . .      Spirit   .   D - +0 plate armour
rPois   .          Reflect  +   (helmet restricted)
rElec   .          Harm     .   (no cloak)
rCorr   .          Rampage  .   j - +0 pair of gloves
Will    .....                   c - +0 pair of boots
Stlth   ..........              e - amulet of reflection
HPRegen 0.23/turn               g - +4 ring of evasion
MPRegen 0.11/turn               S - ring of see invisible

@: corroded
A: horns 2, retaliatory headbutt
a: Renounce Religion, Berserk, Trog's Hand


You were on level 6 of the Dungeon.
You worshipped Trog.
Trog was pleased with you.
You visited 1 branch of the dungeon, and saw 6 of its levels.
You also visited: Sewer.

You collected 266 gold pieces.

Inventory:

Hand Weapons
 a - the +10 flail of Gotuaj (weapon) {flame, Str+3 Int+2 Dex+3 Stlth+}
   (You found it on level 6 of the Dungeon)

   It burns those it strikes, dealing additional fire damage.
   Str:       It affects your strength (+3).
   Int:       It affects your intelligence (+2).
   Dex:       It affects your dexterity (+3).
   Stlth:     It makes you more stealthy.
 b - a +0 sling
   (You found it on level 2 of the Dungeon)
 m - a +0 war axe
   (You found it on level 1 of the Dungeon)
 q - a +1 spear of venom
   (You found it on level 4 of the Dungeon)
 G - a +0 trident
   (You found it on level 5 of the Dungeon)
Missiles
 r - 18 poisoned darts (quivered)
 w - 7 curare-tipped darts
 y - 5 boomerangs
 Q - 73 stones
Armour
 c - a +0 pair of boots (worn)
   (You found it on level 4 of the Dungeon)
 j - a +0 pair of gloves (worn)
   (You found it on level 2 of the Dungeon)
 D - a +0 plate armour (worn)
   (You found it on level 5 of the Dungeon)
 E - a +0 kite shield (worn)
   (You took it off a gnoll sergeant on level 5 of the Dungeon)
Jewellery
 e - an amulet of reflection (around neck)
   (You found it on level 1 of the Dungeon)
 g - a +4 ring of evasion (left hand)
   (You found it on level 1 of the Dungeon)
 F - a ring of protection from fire
   (You found it on level 5 of the Dungeon)
 S - a ring of see invisible (right hand)
   (You found it on level 2 of the Dungeon)
Wands
 d - a wand of iceblast (11)
   (You found it on level 6 of the Dungeon)
 f - a wand of flame (4)
   (You found it on level 2 of the Dungeon)
Scrolls
 i - a scroll of blinking {unknown}
 k - 2 scrolls of fog
 l - a scroll of amnesia {unknown}
 t - a scroll of teleportation {@r4}
 u - a scroll of fear
 B - a scroll of poison {unknown}
 C - a scroll of immolation {unknown}
 I - a scroll of enchant armour {unknown}
Potions
 h - 2 potions of curing {@q1}
 n - 4 potions of cancellation
 o - 2 potions of might {unknown}
 p - 2 potions of haste {unknown}
 s - a potion of ambrosia {unknown}
 v - 3 potions of attraction {unknown}
 x - 3 potions of heal wounds {@q2}
 z - 4 potions of flight
 A - a potion of magic {unknown}
 H - a potion of resistance {unknown}
 J - a potion of berserk rage {unknown}


   Skills:
 + Level 7.6 Fighting
 + Level 8.1(8.8) Axes
 * Level 4.8(7.1) Maces & Flails
 * Level 6.6 Ranged Weapons
 - Level 2.4 Armour
 - Level 2.1 Dodging
 + Level 4.3 Stealth
 - Level 3.7 Shields
 + Level 2.3 Evocations


You had 8 spell levels left.
You didn't know any spells.
Your spell library was empty.

Dungeon Overview and Level Annotations

Branches:
Dungeon (6/15)             Temple (0/1) D:5           Sewer (visited)

Altars:
Elyvilon
Makhleb
Uskayaw


Innate Abilities, Weirdness & Mutations

You have a pair of horns on your head.
You reflexively headbutt those who attack you in melee.


Message History

You sock the ice beast!
You melt the ice beast.
You kill the ice beast!
Trog accepts your kill.
Found a stone staircase leading up.
Found a short bone wand.
There is a stone staircase leading up here.
d - a wand of iceblast (11);
J - a fizzy dark potion
There is a stone staircase leading up here.
You climb upwards.
Found a mace.
There is a stone staircase leading down here.
Found a white marble altar of Elyvilon.
There is a stone staircase leading down here.
You climb downwards.
There is a stone staircase leading up here.
You see here a +0 robe.
Found a ring mail.
You see here a +0 dagger.
There is a stone staircase leading down here.
A sky beast comes into view.
An acid dragon comes into view.
The acid dragon roars!
You sock the sky beast! You burn the sky beast!
Your headbutt misses the sky beast.
The sky beast flickers out of sight for a moment.
The sky beast barely misses you. The acid dragon spits acid at you.
The splash of acid misses the sky beast.
The splash of acid hits you!! The sky beast barely misses you.
You furiously retaliate!
You headbutt the sky beast!
You kill the sky beast!
Trog accepts your kill. You block the acid dragon's attack. x2
You hit the acid dragon. You burn the acid dragon.
You headbutt the acid dragon, but do no damage.
The acid dragon spits acid at you. The splash of acid hits you!!
The acid corrodes you!
You are too injured to fight recklessly!
You are too injured to fight recklessly!
You are too injured to fight recklessly!
You thump the acid dragon! You burn the acid dragon.
You headbutt the acid dragon, but do no damage.
The acid dragon spits acid at you. The splash of acid hits you!!
* * * LOW HITPOINT WARNING * * *
The acid corrodes you!
You hit the acid dragon but do no damage.
You block the acid dragon's attack. x2
You barely miss the acid dragon. The acid dragon bites you!
You die...

.#...#.. .......#. . ...##.# #.
.## .....## ..# ...##.# #.# ##.#
. #.# # ##.# # #.# #. ...#
....###.#### #.. .###
......D@...########...## .>#
.....##.#............... ..#
........#.#............. ..# .
...##.#..>............ .##
..........########...## ##
...#.#.##.# #...# ## # #...##.#
#...# .##############..##.# #[..#
#.#.....).>....[....########...##


You could see an acid dragon (catching breath).

Vanquished Creatures
  Grinder (D:5)
  4 vampire mosquitoes (D:6)
  2 water moccasins (D:6)
  3 orc warriors
  2 ice beasts
  A sky beast (D:6)
  An ogre (D:6)
  2 centaurs (D:6)
  A phantom (D:4)
  2 kobold brigands
  A bullfrog (D:6)
  A necrophage (D:6)
  A gnoll sergeant (D:5)
  2 scorpions (D:4)
  A howler monkey (D:4)
  4 orc priests
  A jelly (D:4)
  A gnoll bouda (D:6)
  Jessica (D:2)
  2 iguanas (D:5)
  An orc wizard (D:6)
  Terence (D:2)
  7 gnolls
  8 adders
  2 river rats (Sewer)
  A white imp (D:4)
  3 worms
  A dart slug (D:2)
  20 orcs
  7 endoplasms
  2 giant cockroaches
  3 goblins
  5 hobgoblins
  6 jackals
  3 quokkas
  7 ball pythons
  5 bats
  2 frilled lizards
  9 kobolds
  9 rats
136 creatures vanquished.

Notes
Turn   | Place    | Note
-------+----------+-------------------------------------------
     0 | D:1      | Pooter the Minotaur Berserker began the quest for the Orb.
     0 | D:1      | Reached XP level 1. HP: 19/19 MP: 0/0
   334 | D:1      | Reached XP level 2. HP: 20/27 MP: 1/1
   936 | D:1      | Reached skill level 4 in Axes
  1230 | D:2      | Reached skill level 1 in Stealth
  1230 | D:2      | Reached XP level 3. HP: 34/34 MP: 2/2
  1277 | D:2      | Noticed Jessica
  1283 | D:2      | Killed Jessica
  1588 | D:2      | Reached XP level 4. HP: 39/41 MP: 3/3
  1593 | D:2      | Reached skill level 5 in Fighting
  1625 | D:2      | Noticed Terence
  1630 | D:2      | Killed Terence
  1635 | D:2      | Reached ** piety under Trog
  1807 | D:2      | You fall into a shaft and drop 1 floor!
  2001 | D:3      | Found a faded altar of an unknown god.
  2236 | D:3      | Reached XP level 5. HP: 48/48 MP: 4/4
  2479 | D:2      | Found a burning altar of Makhleb.
  2764 | D:4      | Reached skill level 5 in Axes
  2764 | D:4      | Reached skill level 1 in Ranged Weapons
  2764 | D:4      | Reached skill level 1 in Shields
  2958 | D:4      | Reached XP level 6. HP: 48/57 MP: 5/5
  4088 | D:5      | Entered Level 5 of the Dungeon
  4088 | D:5      | Noticed Grinder
  4092 | D:5      | Killed Grinder
  4093 | D:5      | Reached skill level 6 in Axes
  4093 | D:5      | Reached XP level 7. HP: 63/63 MP: 6/6
  4361 | D:5      | Reached XP level 8. HP: 60/71 MP: 7/7
  4688 | D:5      | Found a staircase to the Ecumenical Temple.
  4820 | D:5      | Found a runed translucent door.
  5126 | D:5      | Reached skill level 7 in Axes
  6921 | D:6      | Identified the +10 flail of Gotuaj {flame, Str+3 Int+2
                  | Dex+3 Stlth+}
  6970 | D:6      | Reached skill level 1 in Maces & Flails
  6970 | D:6      | Reached skill level 5 in Ranged Weapons
  6981 | D:6      | Reached skill level 1 in Evocations
  7062 | D:6      | Reached XP level 9. HP: 76/79 MP: 8/8
  7072 | D:6      | Found a glowing drain.
  7081 | Sewer    | Entered a sewer
  7162 | Sewer    | Found a white marble altar of Elyvilon.
  7288 | D:6      | Reached skill level 8 in Axes
  7341 | D:6      | Found a hide-covered altar of Uskayaw.
  7398 | D:5      | Found a white marble altar of Elyvilon.
  7588 | D:6      | Slain by an acid dragon

Illustrated notes

Levels and vault maps discovered:
D:1:      minmay_arrival_wavy_path, layout_loops_ring, serial_rivers,
          chequers_serial_rivers_small_b, chequers_serial_rivers_small_b,
          chequers_serial_rivers_micro_a, chequers_serial_rivers_micro_c,
          chequers_serial_rivers_room_a, chequers_serial_rivers_micro_d,
          nicolae_wormholes
D:2:      layout_basic, basic_altar, uniq_terence, uniq_jessica
D:3:      layout_basic, shapermc_ecumenical_altar_pompeii,
          nicolae_concentric_dashed_squares_mild, minivault_19
D:4:      layout_layer_cave
D:5:      layout_rooms, nicolae_overflow_hidden_temple,
          minmay_temple_entry_enclosed_plants, lightli_church_of_beogh,
          uniq_grinder
D:6:      layout_loops_cross, tgw_sif, mainiacjoe_overflow_boulevard,
          portal_sewer_entry_d, minmay_misc_feat_columns,
          minmay_fractal_squares_diagonal_5

Skill      XL: |  1  2  3  4  5  6  7  8  9 |
---------------+----------------------------+-----
Fighting       | 4 5 6 7 |  7.6
Axes           | 4 5 6 7 8 |  8.1
Stealth        | 1 2 3 4 |  4.3
Ranged Weapons | 1 3 4 5 6 |  6.6
Shields        | 1 2 3 |  3.7
Maces & Flails | 3 4 |  4.8
Evocations     | 1 2 |  2.3
Armour         | |  2.4
Dodging        | |  2.1

Action                   |  1- 3 |  4- 6 |  7- 9 || total
-------------------------+-------+-------+-------++-------
Melee: Hand axe          |    38 |       |       ||    38
       War axe           |    25 |    71 |    55 ||   151
       Headbutt          |     5 |     9 |    19 ||    33
       Spear             |       |     2 |       ||     2
       Flail             |       |       |    75 ||    75
 Fire: Sling             |    13 |    48 |     9 ||    70
Invok: Berserk           |     2 |     3 |     7 ||    12
       Trog's Hand       |       |     2 |     5 ||     7
  Use: Scroll            |       |     2 |     5 ||     7
Armor: Scale mail        |    20 |     1 |       ||    21
       Chain mail        |       |    22 |       ||    22
       Plate armour      |       |       |    45 ||    45
Dodge: Dodged            |    38 |    44 |    42 ||   124
Block: Other             |     7 |    11 |       ||    18
       Buckler           |       |    16 |    29 ||    45
       Kite shield       |       |       |    69 ||    69
       Reflection        |       |       |     2 ||     2

Table legend: (Time is in decaauts)
 A = Elapsed time spent in this place.
 B = Non-inter-level travel time spent in this place.
 C = Inter-level travel time spent in this place.
 D = Time resting spent in this place.
 E = Time spent auto-exploring this place.
 F = Levels seen in this place.
 G = Mean time per level.
                   A        B        C        D        E       F      G
               +--------+--------+--------+--------+--------+-----+--------+
         Total |   7842 |   7675 |    167 |   2541 |   3514 |   7 | 1120.3 |
       Dungeon |   7650 |   7483 |    167 |   2541 |   3421 |   6 | 1275.0 |
         Sewer |    191 |    191 |      0 |      0 |     92 |   1 |  191.0 |
               +--------+--------+--------+--------+--------+-----+--------+

Top non-repeatable levels by time:
     D:5: 2673 daAuts
     D:4: 1556 daAuts
     D:1: 1165 daAuts
     D:2: 942 daAuts
     D:3: 800 daAuts
     D:6: 512 daAuts
   Sewer: 191 daAuts
